[Event "Titled Tuesday Blitz November 29 Late 2022"]
[White "Aldokhin, Ivan"]
[Black "Bilan, Danila"]
[WhiteFideId "24115720"]
[BlackFideId "24161918"]
[WhiteElo "2313"]
[BlackElo "2173"]
[Result "1-0"]
[Round "06"]
[TimeControl "180+1"]
[Date "2022.11.30"]
[WhiteClock "0:00:31"]
[BlackClock "0:00:02"]

1. e4 c6 2. Nc3 d5 3. d4 b5 4. a3 e6 5. e5 b4 6. axb4 Bxb4 7. Qg4 Kf8 8. Nf3 Ne7 9. Bd3 a5 10. O-O Ba6 11. Bxa6 Nxa6 12. Na2 Nf5 13. Nxb4 Nxb4 14. Qf4 Nxc2 15. Ra4 Nb4 16. g4 Nh4 17. Ng5 Qe7 18. Bd2 Rb8 19. Qg3 Ng6 20. f4 h6 21. f5 Nxe5 22. Qxe5 hxg5 23. Qxb8+ Qe8 24. Rxb4 axb4 1-0


[Site "https://www.chess.com"]

[Event "Titled Tuesday Blitz November 29 Late 2022"]
[White "Ankerst, Mihael"]
[Black "Santos Flores, Alberto"]
[WhiteFideId "14602369"]
[BlackFideId "3601234"]
[WhiteElo "2325"]
[BlackElo "2235"]
[Result "0-1"]
[Round "06"]
[TimeControl "180+1"]
[Date "2022.11.30"]
[WhiteClock "0:00:01"]
[BlackClock "0:00:21"]

1. e4 c5 2. Nf3 Nc6 3. d4 cxd4 4. Nxd4 g6 5. Nc3 Bg7 6. Be3 Nf6 7. Bc4 O-O 8. Bb3 d6 9. f3 Bd7 10. Qd2 Rc8 11. O-O-O Ne5 12. h4 h5 13. Bg5 Rc5 14. Kb1 a5 15. a4 Re8 16. Rhe1 Nc4 17. Qd3 Ne5 18. Qe2 Rxc3 19. bxc3 Qc7 20. Kb2 Rc8 21. Bd2 Nc4+ 22. Bxc4 Qxc4 23. Qxc4 Rxc4 24. Kb3 Rxa4 25. Ra1 Rxa1 26. Rxa1 b6 27. Ka3 Be8 28. Rb1 Nd7 29. Nc6 Kf8 30. Na7 Ne5 31. Ka2 Nc4 32. Be1 Bd7 33. Rb3 Ke8 34. Bf2 Be6 35. Nb5 Nd2 36. Nc7+ Kd7 37. Nxe6 fxe6 38. Rxb6 Bxc3 39. Rb7+ Ke8 40. Be1 Nxe4 41. Bxc3 Nxc3+ 42. Kb3 Nd5 43. Rb5 Ne3 44. g3 e5 45. Rxa5 Nf5 46. g4 Nxh4 0-1


[Site "https://www.chess.com"]

[Event "Titled Tuesday Blitz November 29 Late 2022"]
[White "Ansh M Shah"]
[Black "Tristan, Leonardo"]
[WhiteFideId "25033379"]
[BlackFideId "113816"]
[WhiteElo "2084"]
[BlackElo "2461"]
[Result "0-1"]
[Round "06"]
[TimeControl "180+1"]
[Date "2022.11.30"]
[WhiteClock "0:00:16"]
[BlackClock "0:00:30"]

1. d4 d5 2. c4 e6 3. g3 Nf6 4. Bg2 Be7 5. Nf3 O-O 6. O-O dxc4 7. Qc2 a6 8. a4 Bd7 9. Ne5 Bc6 10. Nxc6 Nxc6 11. Qxc4 Qxd4 12. Qxd4 Nxd4 13. Bxb7 Nxe2+ 14. Kg2 Rab8 15. Bxa6 Nxc1 16. Rxc1 Rxb2 17. Rxc7 Bd8 18. Rb7 Bb6 19. Kh3 g5 20. f3 h5 21. Nd2 Rxd2 22. Rxb6 g4+ 23. fxg4 hxg4+ 24. Kh4 Kg7 25. Kg5 Rf2 26. Rf1 Ne4+ 27. Kxg4 f5+ 28. Kh3 Rh8# 0-1


[Site "https://www.chess.com"]

[Event "Titled Tuesday Blitz November 29 Late 2022"]
[White "Arbunic Castro, Giovanna"]
[Black "Liu, Kelsey"]
[WhiteFideId "3400549"]
[BlackFideId "30944481"]
[WhiteElo "1941"]
[BlackElo "2273"]
[Result "0-1"]
[Round "06"]
[TimeControl "180+1"]
[Date "2022.11.30"]
[WhiteClock "0:00:01"]
[BlackClock "0:00:03"]

1. e4 c5 2. g3 d5 3. exd5 Qxd5 4. Nf3 Nc6 5. Bg2 Bg4 6. O-O Nf6 7. h3 Bh5 8. g4 Bg6 9. Nc3 Qd7 10. d3 e6 11. Re1 Bd6 12. Nb5 Bb8 13. d4 a6 14. Na3 cxd4 15. Nc4 Bc7 16. b3 O-O 17. Ba3 Rfd8 18. Bc5 Qd5 19. Bb6 Qd7 20. a4 Rab8 21. a5 Bxb6 22. Nxb6 Qc7 23. Nc4 Ne4 24. Nh4 Nc3 25. Qd2 f6 26. Nxg6 hxg6 27. Rxe6 Re8 28. Rae1 Kf7 29. Rxe8 Rxe8 30. Rxe8 Kxe8 31. Qe1+ Kf7 32. g5 Nxa5 33. Nxa5 Qxa5 34. Qd2 Qe5 35. Kf1 fxg5 36. Bxb7 Qf5 37. Bxa6 Qxh3+ 38. Kg1 Qg4+ 39. Kh1 Qf3+ 40. Kg1 Qg4+ 0-1


[Site "https://www.chess.com"]

[Event "Titled Tuesday Blitz November 29 Late 2022"]
[White "Arkell, Keith C"]
[Black "Bordi, Kevin"]
[WhiteFideId "400270"]
[BlackFideId "621862"]
[WhiteElo "2342"]
[BlackElo "2812"]
[Result "1-0"]
[Round "06"]
[TimeControl "180+1"]
[Date "2022.11.30"]
[WhiteClock "0:01:48"]
[BlackClock "0:00:29"]

1. d4 d5 2. Nf3 Nf6 3. c4 c6 4. Qc2 g6 5. Bg5 Bf5 6. Qb3 Ne4 7. Qxb7 Nd7 8. Qxc6 Nxg5 9. Nxg5 e6 10. Nf3 Rc8 11. Qa6 Rxc4 12. Nc3 Bb4 13. Rc1 O-O 14. e3 Rc7 15. Be2 g5 16. O-O g4 17. Ne1 h5 18. Nd3 Be7 19. Nf4 Nf6 20. Bd3 Bxd3 21. Qxd3 Qb8 22. Rc2 Rfc8 23. Rfc1 Bd6 24. g3 h4 25. Nxe6 hxg3 26. hxg3 fxe6 27. Qg6+ Rg7 28. Qxf6 Re8 29. Ne2 Qb7 30. Nf4 Bxf4 31. exf4 Rh7 32. Qg6+ Kf8 33. Qxg4 Qf7 34. Kg2 Rg7 35. Qf3 Qf5 36. Rc7 Ree7 37. Rxe7 Rxe7 38. Rc8+ Kg7 39. Rc3 Kg6 40. Qd3 Rh7 41. Qxf5+ Kxf5 42. Kf3 Rh1 43. g4+ Kf6 44. Rc6 Rd1 45. f5 Rd3+ 46. Kg2 Rxd4 47. Rxe6+ Kg5 48. Rg6+ Kf4 49. f6 1-0


[Site "https://www.chess.com"]

[Event "Titled Tuesday Blitz November 29 Late 2022"]
[White "Arnold, Ken"]
[Black "Calcada, Lucas Galvan"]
[WhiteFideId "2056836"]
[BlackFideId "22746099"]
[WhiteElo "2369"]
[BlackElo "1523"]
[Result "1-0"]
[Round "06"]
[TimeControl "180+1"]
[Date "2022.11.30"]
[WhiteClock "0:00:28"]
[BlackClock "0:00:03"]

1. d4 Nf6 2. c4 g6 3. Nc3 Bg7 4. Nf3 d6 5. e3 O-O 6. Be2 c5 7. O-O Nc6 8. d5 Nb8 9. Qc2 e6 10. e4 exd5 11. Nxd5 Nxd5 12. cxd5 a6 13. Bf4 Qc7 14. Rfd1 b5 15. a4 b4 16. Rac1 Bg4 17. h3 Bxf3 18. Bxf3 Nd7 19. b3 Ne5 20. Be2 Rfe8 21. Bg3 Qb7 22. Re1 Rac8 23. f4 Nd7 24. Bc4 Bd4+ 25. Kh2 Nf6 26. Re2 Nh5 27. Qd3 Ra8 28. Rf1 Nxg3 29. Qxg3 a5 30. Kh1 Re7 31. e5 Qc7 32. e6 f5 33. Qd3 Rf8 34. g3 Bf6 35. Rg2 Bd4 36. Rf3 Rg7 37. g4 Qe7 38. g5 Qc7 39. h4 Re7 40. Rh3 Kg7 41. Rgh2 h5 42. gxh6+ Kxh6 43. Qg3 Bf6 44. h5 g5 45. fxg5+ Bxg5 46. Qf3 Rg7 47. Rg2 Qe7 48. Rhg3 f4 49. Rg4 Rfg8 50. Qe4 Qf6 51. Be2 Qe5 52. Qxe5 dxe5 53. Bf3 c4 54. bxc4 b3 55. d6 Rb8 56. e7 b2 57. Rxb2 Bxe7 58. Rxb8 Bxd6 59. Rxg7 Bxb8 60. Rg6+ Kh7 61. Re6 e4 62. Bxe4+ 1-0


[Site "https://www.chess.com"]

[Event "Titled Tuesday Blitz November 29 Late 2022"]
[White "Banzea, Alexandru-Bogdan"]
[Black "Bernat, David"]
[WhiteFideId "1232622"]
[BlackFideId "2099225"]
[WhiteElo "2294"]
[BlackElo "2362"]
[Result "1-0"]
[Round "06"]
[TimeControl "180+1"]
[Date "2022.11.30"]
[WhiteClock "0:01:34"]
[BlackClock "0:00:11"]

1. c3 c5 2. Qa4 Nc6 3. f3 g6 4. Qh4 Bg7 5. Kd1 d5 6. Qe1 Nf6 7. e4 O-O 8. e5 Nd7 9. f4 f6 10. Nf3 fxe5 11. fxe5 Ndxe5 12. Be2 d4 13. Nxe5 Nxe5 14. Qg3 d3 15. Bf3 Nxf3 16. gxf3 Qd5 17. Rf1 Be5 18. Qg2 Be6 19. c4 Qxc4 20. Nc3 Bg4 21. b3 1-0


[Site "https://www.chess.com"]

[Event "Titled Tuesday Blitz November 29 Late 2022"]
[White "Barbot, Pierre"]
[Black "Rose, Felix"]
[WhiteFideId "663727"]
[BlackFideId "5105722"]
[WhiteElo "2439"]
[BlackElo "2039"]
[Result "1-0"]
[Round "06"]
[TimeControl "180+1"]
[Date "2022.11.30"]
[WhiteClock "0:00:20"]
[BlackClock "0:00:02"]

1. d4 d5 2. Nf3 Nf6 3. Bf4 e6 4. e3 Bd6 5. Bg3 O-O 6. Bd3 b6 7. Nbd2 c5 8. c3 Ba6 9. Bxa6 Nxa6 10. Qe2 Nb8 11. e4 Be7 12. e5 Nfd7 13. h4 Nc6 14. O-O b5 15. Qe3 b4 16. Ng5 h6 17. Ngf3 Qa5 18. Bf4 bxc3 19. bxc3 cxd4 20. cxd4 Qa3 21. Nb3 Rfc8 22. Rfc1 Bf8 23. Rc3 Qb2 24. Rac1 Ne7 25. Nc5 Nxc5 26. dxc5 Nf5 27. Qd3 Qxa2 28. g4 Ne7 29. c6 d4 30. Qxd4 Nd5 31. R3c2 Qa3 32. Nd2 Nxf4 33. Qxf4 Qh3 34. h5 Be7 35. Ne4 Qb3 36. c7 Qd5 37. Nd6 Bxd6 38. exd6 e5 39. Qb4 1-0


[Site "https://www.chess.com"]

[Event "Titled Tuesday Blitz November 29 Late 2022"]
[White "Barria Zuniga, Daniel"]
[Black "Vasques, Antonio Pedro Freixial"]
[WhiteFideId "3400816"]
[BlackFideId "1908332"]
[WhiteElo "2414"]
[BlackElo "2243"]
[Result "1-0"]
[Round "06"]
[TimeControl "180+1"]
[Date "2022.11.30"]
[WhiteClock "0:01:14"]
[BlackClock "0:00:08"]

1. d4 Nf6 2. c4 g6 3. Nc3 Bg7 4. e4 d6 5. Be2 O-O 6. Nf3 Na6 7. Nd2 e5 8. d5 c6 9. O-O Bd7 10. a3 c5 11. b4 b6 12. b5 Nc7 13. a4 Bh6 14. a5 Nfe8 15. Nb3 Bxc1 16. Qxc1 f5 17. f4 Qf6 18. exf5 Bxf5 19. Qd2 exf4 20. Rxf4 Qg7 21. Raf1 Nf6 22. g4 Bd7 23. g5 Nh5 24. Bxh5 gxh5 25. Ne4 Rxf4 26. Qxf4 Rf8 27. Qxf8+ Qxf8 28. Rxf8+ Kxf8 29. Nxd6 Bg4 30. axb6 axb6 31. Kf2 Bd1 32. Nd2 Bc2 33. Nc8 Ne8 34. Nxb6 Nd6 35. Nd7+ Ke7 36. Nxc5 h4 1-0


[Site "https://www.chess.com"]

[Event "Titled Tuesday Blitz November 29 Late 2022"]
[White "Bas Mas, Jose Joaquin"]
[Black "Harish, Neeraj"]
[WhiteFideId "22219064"]
[BlackFideId "30958130"]
[WhiteElo "2233"]
[BlackElo "1815"]
[Result "1-0"]
[Round "06"]
[TimeControl "180+1"]
[Date "2022.11.30"]
[WhiteClock "0:00:14"]
[BlackClock "0:00:01"]

1. e4 c5 2. Nc3 Nc6 3. Nf3 e5 4. Bb5 d6 5. d3 Be7 6. O-O Nf6 7. h3 O-O 8. Bg5 Be6 9. Nd2 Nd7 10. Bxe7 Nxe7 11. Bxd7 Qxd7 12. f4 exf4 13. Rxf4 d5 14. Qh5 d4 15. Ne2 Ng6 16. Rf2 Rac8 17. b3 b5 18. Ng3 c4 19. Nf5 cxd3 20. cxd3 Rc2 21. Raf1 Rxa2 22. Nf3 Rxf2 23. Rxf2 Bxb3 24. Ng5 h6 25. Nxh6+ gxh6 26. Qxh6 Rc8 27. Qh7+ Kf8 28. Qxg6 Rc6 29. Qh7 Qc7 30. Qh8+ Ke7 31. Qxd4 Rc1+ 32. Rf1 Rxf1+ 33. Kxf1 Qc1+ 34. Kf2 Qxg5 35. Qb4+ Ke8 36. Qxb3 Qf6+ 37. Ke2 Qa6 38. h4 Qf6 39. Qxb5+ Kf8 40. Qc5+ Ke8 41. Qxa7 1-0


[Site "https://www.chess.com"]

[Event "Titled Tuesday Blitz November 29 Late 2022"]
[White "Battlecruiser_Operational"]
[Black "Adel, Sara"]
[BlackFideId "10616764"]
[WhiteElo "2170"]
[BlackElo "1994"]
[Result "1-0"]
[Round "06"]
[TimeControl "180+1"]
[Date "2022.11.30"]
[WhiteClock "0:00:08"]
[BlackClock "0:00:10"]

1. d4 Nf6 2. c4 g6 3. Nc3 Bg7 4. e4 d6 5. Nf3 Nbd7 6. Be2 e5 7. O-O O-O 8. Re1 exd4 9. Nxd4 Nc5 10. f3 c6 11. Kh1 h5 12. Bf1 h4 13. Bg5 Qb6 14. Nb3 Nh5 15. Bxh4 a5 16. Rb1 a4 17. Nxc5 Qxc5 18. Nxa4 Qb4 19. b3 b5 20. Nb6 Rxa2 21. Re2 Rxe2 22. Bxe2 Be6 23. Bf2 Rb8 24. cxb5 cxb5 25. Bf1 Be5 26. Nd5 Qa3 27. Ne7+ Kg7 28. Nc6 Rh8 29. Nxe5 dxe5 30. Bxb5 Qa2 31. Be1 Nf4 32. Bf1 Bc8 33. Bc3 f6 34. Ra1 Qf2 35. Qe1 Qb6 36. b4 Nh5 37. b5 Nf4 38. Rc1 Rh5 39. Bd2 g5 40. Be3 Qb7 41. g3 Ne6 42. Kg2 Kg6 43. b6 Qh7 44. Bg1 Bb7 45. Qb4 f5 46. exf5+ Kxf5 47. Bd3+ Kf6 48. Bxh7 Nd4 49. Qd6+ Kg7 50. Be4 Bxe4 51. fxe4 Rh6 52. Qxh6+ Kxh6 53. Bxd4 exd4 54. b7 d3 55. b8=Q d2 56. Rd1 Kh5 57. Rxd2 Kg4 58. Rd4 Kh5 59. Qd6 Kg4 60. e5+ Kf5 61. Qd7+ Kg6 62. Rd6+ Kh5 63. Qh3# 1-0


[Site "https://www.chess.com"]

[Event "Titled Tuesday Blitz November 29 Late 2022"]
[White "Bettalli, Francesco"]
[Black "Papp, Petra"]
[WhiteFideId "2816453"]
[BlackFideId "739049"]
[WhiteElo "2216"]
[BlackElo "2259"]
[Result "1-0"]
[Round "06"]
[TimeControl "180+1"]
[Date "2022.11.30"]
[WhiteClock "0:02:41"]
[BlackClock "0:02:14"]

1. d4 Nf6 2. Nc3 d5 3. Bf4 a6 4. e3 c5 5. dxc5 Nbd7 6. Nxd5 Qa5+ 7. b4 Nxd5 8. bxa5 Nxf4 9. exf4 Nxc5 10. Nf3 Bf5 11. Bd3 Nxd3+ 12. cxd3 g6 13. O-O Bg7 14. Rb1 O-O 15. Rxb7 Rfd8 16. Ne5 Be6 17. Nc6 Rd4 18. Nxd4 1-0


[Site "https://www.chess.com"]

[Event "Titled Tuesday Blitz November 29 Late 2022"]
[White "Bjelobrk, Igor"]
[Black "Chernomordik, Pavel"]
[WhiteFideId "4300726"]
[BlackFideId "2804530"]
[WhiteElo "2335"]
[BlackElo "2192"]
[Result "0-1"]
[Round "06"]
[TimeControl "180+1"]
[Date "2022.11.30"]
[WhiteClock "0:00:59"]
[BlackClock "0:00:58"]

1. Nf3 g6 2. e4 Bg7 3. d4 d6 4. Bd3 c5 5. dxc5 dxc5 6. O-O Nc6 7. c3 Qc7 8. Na3 a6 9. Nc2 Nf6 10. a4 O-O 11. h3 Rd8 12. Qe2 Nh5 13. Rd1 Nf4 14. Bxf4 Qxf4 15. Ne3 e6 16. Nc4 Bd7 17. a5 Be8 18. e5 Na7 19. Qe4 Qh6 20. Qe2 Bc6 21. Be4 Qf4 22. g3 Qxe4 23. Qxe4 Bxe4 24. Ng5 Bd5 25. Nb6 Rab8 26. Re1 h6 27. Ne4 Bxe4 28. Rxe4 Nc6 29. f4 Rd3 30. Kf2 Rbd8 31. Nc4 Bf8 32. Ra3 Na7 33. Rb3 Nb5 34. Ke2 Rxg3 0-1


[Site "https://www.chess.com"]

[Event "Titled Tuesday Blitz November 29 Late 2022"]
[White "Bobkov, Vadim"]
[Black "Indjic, Aleksandar"]
[WhiteFideId "34110876"]
[BlackFideId "911925"]
[WhiteElo "2172"]
[BlackElo "2592"]
[Result "1/2-1/2"]
[Round "06"]
[TimeControl "180+1"]
[Date "2022.11.30"]
[WhiteClock "0:00:07"]
[BlackClock "0:00:15"]

1. d4 Nf6 2. c4 e6 3. Nc3 c5 4. d5 exd5 5. cxd5 d6 6. Nf3 g6 7. Bf4 Bg7 8. Qa4+ Bd7 9. Qb3 O-O 10. Bxd6 Ba4 11. Qxa4 Qxd6 12. Rd1 Nbd7 13. e3 a6 14. Be2 b5 15. Qb3 c4 16. Qc2 Rfe8 17. O-O Nb6 18. Nd4 Nfxd5 19. Bf3 Nxc3 20. bxc3 Qa3 21. Bxa8 Rxa8 22. Rd2 Na4 23. Rc1 Nc5 24. h3 Rc8 25. Rcd1 h5 26. Qb2 Qa5 27. Ne2 Nd3 28. Rxd3 cxd3 29. Rxd3 b4 30. cxb4 Bxb2 31. bxa5 Rc2 32. Nd4 Bxd4 33. Rxd4 Rxa2 34. Rd5 Kg7 35. g3 Kg8 36. Kg2 Kg7 37. Kf3 Kg8 38. Rc5 Kg7 39. g4 hxg4+ 40. hxg4 Kg8 41. Kg3 Kg7 42. f3 Ra3 43. Kf4 Ra4+ 44. Ke5 Ra3 45. Kf4 Ra4+ 46. e4 Ra3 47. g5 Kf8 48. Rc8+ Ke7 49. Rc7+ Ke8 50. Rc5 Ke7 51. Kg4 Kd6 52. Rd5+ Ke7 53. f4 Re3 54. Re5+ Kf8 55. f5 gxf5+ 56. Kxf5 Rf3+ 57. Kg4 Ra3 58. Rc5 Kg7 59. Kf5 Ra2 60. Ke5 Kg6 61. Rc6+ Kxg5 62. Rxa6 f6+ 63. Kd5 Rd2+ 64. Kc5 Rc2+ 65. Kb4 Re2 66. Re6 Rb2+ 67. Kc5 f5 68. exf5 Kxf5 69. Re3 Ra2 70. Kb6 Kf4 71. Re1 Rb2+ 72. Ka7 Kf5 73. a6 Kf6 74. Ka8 Kf7 75. Rc1 Ke7 76. Rc7+ Kd6 77. Rb7 Ra2 78. a7 Rh2 79. Rb8 Kc7 80. Rf8 Rb2 81. Rf7+ Kc8 82. Rf8+ Kc7 83. Rf7+ Kc8 84. Rf6 Rb1 85. Rc6+ Kd7 86. Rc5 Kd8 87. Rc4 Kd7 88. Rc3 Kd8 89. Rd3+ Kc7 90. Rh3 Kc8 91. Rh7 Rb2 92. Rh8+ Kc7 93. Rb8 Rf2 94. Rb7+ Kc8 95. Rc7+ Kxc7 1/2-1/2


[Site "https://www.chess.com"]

[Event "Titled Tuesday Blitz November 29 Late 2022"]
[White "Bortnyk, Olexandr"]
[Black "Bazeev, German"]
[WhiteFideId "14120828"]
[BlackFideId "24119350"]
[WhiteElo "2723"]
[BlackElo "2493"]
[Result "1-0"]
[Round "06"]
[TimeControl "180+1"]
[Date "2022.11.30"]
[WhiteClock "0:00:08"]
[BlackClock "0:00:07"]

1. e4 c6 2. d4 d5 3. Nc3 dxe4 4. Nxe4 Nf6 5. Nxf6+ exf6 6. c3 Bd6 7. Bd3 Na6 8. Qe2+ Kf8 9. Nf3 Nc7 10. O-O Bg4 11. h3 Bh5 12. Re1 Qd7 13. Be4 Re8 14. Qf1 Bg6 15. Bxg6 Rxe1 16. Qxe1 hxg6 17. Qe4 Qf5 18. Qxf5 gxf5 19. Bd2 g5 20. Ne1 Ne6 21. Nd3 Kg7 22. Re1 Rd8 23. Re2 Kg6 24. Kf1 f4 25. f3 b5 26. Be1 a5 27. Bf2 a4 28. Rc2 Nc7 29. c4 Bf8 30. cxb5 Nxb5 31. Rc4 a3 32. bxa3 Bxa3 33. Ke2 Ra8 34. Rxc6 Bd6 35. Rc2 Rxa2 36. Rxa2 Nc3+ 37. Kd2 Nxa2 38. Kc2 Nb4+ 39. Nxb4 Bxb4 40. Kb3 Bd2 41. Kc4 Kf5 42. d5 Be3 43. Be1 Bb6 44. Kb5 1-0


[Site "https://www.chess.com"]

[Event "Titled Tuesday Blitz November 29 Late 2022"]
[White "Boyer, Mahel"]
[Black "Milosevic, Milos"]
[WhiteFideId "45102422"]
[BlackFideId "964875"]
[WhiteElo "2454"]
[BlackElo "2321"]
[Result "1-0"]
[Round "06"]
[TimeControl "180+1"]
[Date "2022.11.30"]
[WhiteClock "0:01:37"]
[BlackClock "0:01:23"]

1. e4 d6 2. d4 Nf6 3. f3 e5 4. dxe5 dxe5 5. Qxd8+ Kxd8 6. Bc4 Ke8 7. Be3 c6 8. Nd2 b5 9. Bd3 Be6 10. a4 b4 11. a5 Nbd7 12. Nb3 c5 13. Nd2 h5 14. Nh3 Rc8 15. Ba6 Rc6 16. Bb5 Rd6 17. Ng5 a6 18. Nxe6 Rxe6 19. Bc4 Rc6 20. Ke2 Bd6 21. Bb3 Ke7 22. Nc4 Bc7 23. Rhd1 Ne8 24. Ba4 Rd6 25. Nxd6 Nxd6 26. Bxd7 Kxd7 27. Bxc5 Kc6 28. Bxb4 Rb8 29. Bxd6 Bxd6 30. b3 Bc5 31. Rd5 Bd4 32. Ra4 f6 33. Rc4+ Kb7 34. c3 Bg1 35. Rd7+ Ka8 36. b4 1-0


[Site "https://www.chess.com"]

[Event "Titled Tuesday Blitz November 29 Late 2022"]
[White "Brown, Andrew"]
[Black "Vargas, Mauricio"]
[WhiteFideId "3206513"]
[BlackFideId "4404572"]
[WhiteElo "2245"]
[BlackElo "2025"]
[Result "1-0"]
[Round "06"]
[TimeControl "180+1"]
[Date "2022.11.30"]
[WhiteClock "0:00:05"]
[BlackClock "0:00:06"]

1. d4 d5 2. c4 c6 3. Nc3 e6 4. Nf3 dxc4 5. g3 b5 6. Bg2 Bb4 7. O-O Bxc3 8. bxc3 Nf6 9. a4 a6 10. Ba3 Bb7 11. Ne5 Qc7 12. f4 Ng8 13. e4 f6 14. Nf3 Ne7 15. f5 exf5 16. Nh4 fxe4 17. Bxe4 O-O 18. Bxh7+ Kxh7 19. Qh5+ Kg8 20. Bxe7 Qxe7 21. Ng6 Qe3+ 22. Rf2 Re8 23. Ra2 Kf7 24. Re2 Qc1+ 25. Rf1 Qh6 26. Nh8+ Kg8 27. Rxe8+ Kh7 28. Qxh6+ Kxh6 29. Nf7+ Kg6 30. Nd6 Nd7 31. Re7 1-0


[Site "https://www.chess.com"]

[Event "Titled Tuesday Blitz November 29 Late 2022"]
[White "Buchenau, Frank"]
[Black "Rios Escobar, Adan"]
[WhiteFideId "4604350"]
[BlackFideId "3403645"]
[WhiteElo "2157"]
[BlackElo "2300"]
[Result "0-1"]
[Round "06"]
[TimeControl "180+1"]
[Date "2022.11.30"]
[WhiteClock "0:00:05"]
[BlackClock "0:00:10"]

1. e4 c5 2. Nf3 d6 3. Bb5+ Nd7 4. O-O a6 5. Bd3 Ngf6 6. Re1 b5 7. c4 b4 8. a3 Bb7 9. axb4 cxb4 10. Bc2 g6 11. d4 Bg7 12. e5 dxe5 13. dxe5 Ng4 14. Ba4 Bxf3 15. gxf3 Nxe5 16. f4 Nxc4 17. Be3 Nxb2 18. Qb3 Nxa4 19. Rxa4 O-O 20. Rd1 a5 21. Nd2 Qc8 22. Ne4 Rd8 23. Rc1 Qb7 24. Ng5 e6 25. Ra2 Nf6 26. Rac2 Nd5 27. Rc6 Bc3 28. Rc4 Rac8 29. Ne4 Nxe3 30. fxe3 Rxc4 31. Qxc4 Qd5 32. Qxd5 Rxd5 33. Nxc3 bxc3 34. Rxc3 a4 35. Rc8+ Kg7 36. Ra8 Rd3 37. Kf2 a3 38. Ke2 Rb3 39. h3 h5 40. Ra7 Kf6 41. Kf3 Rc3 42. Ke4 Rc2 43. Kf3 Rh2 44. Rxa3 Rxh3+ 45. Kg2 Rh4 46. Kg3 Rg4+ 47. Kf2 Kf5 48. Ra7 f6 49. Ra5+ e5 50. fxe5 fxe5 51. Ra8 Rb4 52. Rf8+ Kg5 53. Kf3 e4+ 54. Kg3 Rb3 55. Kf2 Rb2+ 56. Kf1 Rh2 57. Rf4 Rh4 58. Rf8 Rg4 59. Kf2 h4 60. Re8 Kf5 61. Rf8+ Kg5 62. Re8 h3 63. Rh8 Rh4 64. Rxh4 Kxh4 65. Kg1 Kg3 66. Kh1 g5 67. Kg1 g4 68. Kh1 Kf3 69. Kg1 g3 70. Kh1 Kxe3 71. Kg1 Kf3 72. Kh1 e3 73. Kg1 e2 74. Kh1 e1=Q# 0-1


[Site "https://www.chess.com"]

[Event "Titled Tuesday Blitz November 29 Late 2022"]
[White "Cappelletto, Joshuaede"]
[Black "De Souza, Cristiano Gomes"]
[WhiteFideId "2824383"]
[BlackFideId "2151758"]
[WhiteElo "2237"]
[BlackElo "2068"]
[Result "1-0"]
[Round "06"]
[TimeControl "180+1"]
[Date "2022.11.30"]
[WhiteClock "0:01:02"]
[BlackClock "0:00:08"]

1. c4 Nf6 2. Nc3 g6 3. e4 d6 4. d4 Bg7 5. Nge2 O-O 6. f3 Nc6 7. Be3 a6 8. Qd2 Rb8 9. Ng3 e5 10. d5 Ne7 11. h4 h5 12. Bd3 c6 13. O-O-O cxd5 14. cxd5 Bd7 15. Kb1 b5 16. Ka1 b4 17. Nb1 Bb5 18. Ne2 a5 19. Rdg1 Qd7 20. Bxb5 Rxb5 21. Nc1 a4 22. Nd3 Rfb8 23. Rc1 R8b7 24. Rc4 Nexd5 25. exd5 Nxd5 26. Bh6 Qe6 27. Bxg7 Kxg7 28. Rhc1 Qf6 29. Nf2 Nf4 30. Ne4 Qe6 31. Qxd6 Rd5 32. Qxe6 Nxe6 33. Nc5 Nxc5 34. Rxc5 Rxc5 35. Rxc5 Kf6 36. Ra5 Rc7 37. Rxa4 Rc2 38. Rxb4 Rxg2 39. a4 g5 40. hxg5+ Kxg5 41. a5 Rc2 42. Nc3 h4 43. a6 h3 44. Rg4+ Kh5 45. Rg8 Rg2 46. Rh8+ Kg6 47. Rxh3 1-0


[Site "https://www.chess.com"]

[Event "Titled Tuesday Blitz November 29 Late 2022"]
[White "Cardoso Cardoso, Jose Gabriel"]
[Black "Estrada Nieto, Julian"]
[WhiteFideId "4430492"]
[BlackFideId "5101018"]
[WhiteElo "2484"]
[BlackElo "2221"]
[Result "1-0"]
[Round "06"]
[TimeControl "180+1"]
[Date "2022.11.30"]
[WhiteClock "0:00:10"]
[BlackClock "0:00:20"]

1. d4 d5 2. Nc3 Nf6 3. Bf4 c6 4. e3 Bf5 5. f3 e6 6. g4 Bg6 7. h4 h5 8. g5 Nfd7 9. Bd3 Bxd3 10. Qxd3 g6 11. Nge2 Bg7 12. e4 O-O 13. O-O-O Nb6 14. Kb1 N8d7 15. Bc1 a5 16. f4 a4 17. e5 Nc4 18. a3 b5 19. Na2 Re8 20. c3 c5 21. Ng3 Bf8 22. Be3 cxd4 23. Bxd4 Nc5 24. Bxc5 Bxc5 25. Qf3 Qc7 26. Rd3 Bxa3 27. bxa3 Nxa3+ 28. Ka1 Qc4 29. Qe2 Rac8 30. Rd4 Nc2+ 31. Qxc2 Qxd4 32. Qxg6+ fxg6 33. cxd4 Rc2 34. Rb1 Rg2 35. Nf1 Rf8 36. f5 Rxf5 37. Ne3 Rxa2+ 38. Kxa2 Rf4 39. Rxb5 Rxd4 40. Rb6 Kf7 41. Nc2 Rxh4 42. Nb4 Re4 43. Rb7+ Kg8 44. Nc6 h4 45. Ne7+ Kf7 46. Nf5+ Ke8 47. Nd6+ Kd8 48. Nxe4 dxe4 49. Rh7 e3 50. Rxh4 Kd7 51. Re4 Kc6 52. Rxe3 Kd5 53. Ka3 Kd4 54. Re1 Kd3 55. Kxa4 Kd2 56. Rf1 Ke3 57. Rf6 Ke4 58. Rxg6 Kf5 59. Rf6+ Kxe5 60. Rf8 Kd6 61. g6 Ke7 62. g7 e5 63. g8=Q 1-0


[Site "https://www.chess.com"]

[Event "Titled Tuesday Blitz November 29 Late 2022"]
[White "Carlsen, Magnus"]
[Black "Bluebaum, Matthias"]
[WhiteFideId "1503014"]
[BlackFideId "24651516"]
[WhiteElo "2830"]
[BlackElo "2633"]
[Result "1/2-1/2"]
[Round "06"]
[TimeControl "180+1"]
[Date "2022.11.30"]
[WhiteClock "0:00:14"]
[BlackClock "0:00:22"]

1. e4 e6 2. b3 d5 3. Bb2 a6 4. Qe2 d4 5. Nf3 c5 6. g3 Nc6 7. e5 b5 8. Bg2 Bb7 9. O-O Qd7 10. d3 Nge7 11. Nbd2 Nd5 12. Ne4 Be7 13. Ba3 b4 14. Bc1 Nc3 15. Qe1 h6 16. h4 Qc7 17. Bf4 Nd5 18. a4 bxa3 19. Rxa3 O-O 20. Ra1 Nxf4 21. gxf4 Nb4 22. Qd2 f5 23. Ng3 Bd5 24. h5 Qb7 25. Ne1 a5 26. Bxd5 Nxd5 27. Ng2 Qb4 28. Qd1 Rfb8 29. Qf3 Qb7 30. Rfc1 Nc3 31. Qxb7 Rxb7 32. Kf1 a4 33. bxa4 Rxa4 34. Rxa4 Nxa4 35. Ne2 Rb2 36. Ne1 Nb6 37. c4 dxc3 38. Nxc3 Rb3 39. Ke2 Kf7 40. Ng2 c4 41. dxc4 Nxc4 42. Ne3 Rb2+ 43. Kf3 Nd2+ 44. Kg2 Nb3 45. Rd1 Bc5 46. Kg3 Nd4 47. Ra1 Rb3 48. Ncd1 Ne2+ 49. Kf3 Nd4+ 50. Kg2 Ne2 51. Ra4 Bb4 52. Ra7+ Kf8 53. Kf3 Nd4+ 54. Kg2 Ne2 55. Kf3 Nd4+ 56. Kg2 Ne2 1/2-1/2


[Site "https://www.chess.com"]

[Event "Titled Tuesday Blitz November 29 Late 2022"]
[White "Chigaev, Maksim"]
[Black "Yanchenko, Roman"]
[WhiteFideId "4108116"]
[BlackFideId "4137329"]
[WhiteElo "2541"]
[BlackElo "2489"]
[Result "1/2-1/2"]
[Round "06"]
[TimeControl "180+1"]
[Date "2022.11.30"]
[WhiteClock "0:00:07"]
[BlackClock "0:00:15"]

1. c4 e6 2. g3 d5 3. Bg2 Nf6 4. Nf3 Be7 5. O-O O-O 6. b3 b6 7. d4 Bb7 8. Nc3 dxc4 9. bxc4 c5 10. d5 exd5 11. Nh4 Nc6 12. cxd5 Na5 13. Nf5 Re8 14. Nxe7+ Qxe7 15. e4 Rad8 16. Bf4 Nc4 17. Qa4 Na5 18. h3 h6 19. Rfe1 g5 20. Bd2 Qe5 21. Rad1 Qd4 22. Qxd4 cxd4 23. Nb5 Nc4 24. Bc1 d3 25. Nc3 Bxd5 26. Nxd5 Nxd5 27. exd5 Rxe1+ 28. Rxe1 d2 29. Bxd2 Nxd2 30. Re7 a5 31. Rc7 b5 32. Rc5 Rb8 33. d6 Kf8 34. d7 Rd8 35. Bc6 b4 36. Re5 Rxd7 37. Rxa5 Rd6 38. Bd5 Nb1 39. Bc4 Nd2 40. Bd5 Kg7 41. Kg2 Nb1 42. g4 Nc3 43. Bb3 Rf6 44. Re5 Rf4 45. f3 Nb1 46. Re7 Nd2 47. Kg3 Rxf3+ 48. Kg2 Rf4 49. Re3 Nb1 50. Rd3 Kg6 51. Kg3 Kg7 52. Kg2 Na3 53. Rd6 Nb5 54. Rd5 Nd4 55. Kg3 Ne2+ 56. Kg2 Nc3 57. Ra5 Ne4 58. Re5 Nd6 59. Rd5 Ne4 60. Rd4 Nc3 61. Rxf4 gxf4 62. Kf3 f6 63. Kxf4 Kg6 64. Bc2+ Kg7 65. Bb3 Kg6 66. Bc4 h5 67. gxh5+ Kxh5 68. Kf5 Kh4 69. Kxf6 Kxh3 70. Ke5 Nxa2 71. Bxa2 b3 72. Bxb3 1/2-1/2


[Site "https://www.chess.com"]